 Dungeon Crawl Stone Soup version 0.21.1-1-g345015f (webtiles) character file.

1 tidbits the Chiller (level 1, 13/13 HPs)
             Began as a Gnoll Ice Elementalist on Apr 3, 2018.
             Quit the game on level 1 of the Dungeon.
             The game lasted 00:01:04 (168 turns).

tidbits the Chiller (Gnoll Ice Elementalist)         Turns: 168, Time: 00:01:05

Health: 13/13      AC:  2    Str: 10    XL:     1   Next: 20%
Magic:  6/6        EV: 14    Int: 17    God:
Gold:   21         SH:  0    Dex: 15    Spells: 8/9 levels left

rFire    . . .     SeeInvis .   a - +0 dagger
rCold    . . .     Gourm    .   (no shield)
rNeg     . . .     Faith    .   f - +0 robe
rPois    .         Spirit   .   (no helmet)
rElec    .         Reflect  .   (no cloak)
rCorr    .         Harm     .   (no gloves)
MR       .....                  (no boots)
Stlth    +++.......             (no amulet)
HPRegen  0.04/turn              (no ring)
MPRegen  0.10/turn              (no ring)

@: no status effects
A: distributed training, fangs 1, strong nose
a: no special abilities


You were on level 1 of the Dungeon.
You were not hungry.

You visited 1 branch of the dungeon, and saw 1 of its levels.

You collected 21 gold pieces.

Inventory:

Hand Weapons
 a - a +0 dagger (weapon)
Missiles
 g - 3 stones (quivered)
Armour
 e - a +0 ring mail
 f - a +0 robe (worn)
Scrolls
 d - 2 scrolls of identify {unknown}
 h - a scroll of fear {unknown}
Books
 b - a book of Frost

   Spells                             Type                      Level
   a - Freeze                         Ice                          1
   b - Throw Frost                    Conjuration/Ice              2
   c - Ozocubu's Armour               Charms/Ice                   3
   d - Throw Icicle                   Conjuration/Ice              4
   e - Summon Ice Beast               Ice/Summoning                4
Comestibles
 c - a ration


   Skills:
 + Level 0.0 Fighting
 + Level 0.0 Short Blades
 + Level 0.0 Long Blades
 + Level 0.0 Axes
 + Level 0.0 Maces & Flails
 + Level 0.0 Polearms
 + Level 0.0 Staves
 + Level 0.0 Slings
 + Level 0.0 Bows
 + Level 0.0 Crossbows
 + Level 0.0 Throwing
 + Level 0.0 Armour
 + Level 4.4 Dodging
 + Level 4.0 Stealth
 + Level 0.0 Shields
 + Level 0.0 Unarmed Combat
 + Level 4.8 Spellcasting
 + Level 1.9 Conjurations
 + Level 0.0 Hexes
 + Level 0.0 Charms
 + Level 0.0 Summonings
 + Level 0.0 Necromancy
 + Level 0.0 Translocations
 + Level 0.0 Transmutations
 + Level 0.0 Fire Magic
 + Level 5.3 Ice Magic
 + Level 0.0 Air Magic
 + Level 0.0 Earth Magic
 + Level 0.0 Poison Magic
 + Level 0.0 Invocations
 + Level 0.0 Evocations


You had 8 spell levels left.
You knew the following spells:

 Your Spells              Type           Power        Failure   Level  Hunger
a - Freeze                Ice            ###.         1%          1    None


Dungeon Overview and Level Annotations

Branches:
Dungeon (1/15)

Altars:


Innate Abilities, Weirdness & Mutations

Your experience applies equally to all skills.
You have very sharp teeth.
Your uncanny sense of smell can sniff out nearby items.


Message History

Welcome, tidbits the Gnoll Ice Elementalist.
Will you prevail where others failed? Will you find the Orb of Zot?
Press ? for a list of commands and other information.
Found a staircase leading out of the dungeon.
You open the door.
Found an emerald potion.
There is an open door here.
Unknown command.
You enter the shallow water.
Moving in this stuff is going to be slow.
You enter the shallow water.
Moving in this stuff is going to be slow.
You enter the shallow water.
Moving in this stuff is going to be slow.
You enter the shallow water.
Moving in this stuff is going to be slow.
You enter the shallow water.
Moving in this stuff is going to be slow.
You open the door.
Found 7 gold pieces.
There is an open door here.
Found a scroll labeled DISMUNOIRE.
You see here a scroll labeled DISMUNOIRE.
d - a scroll labeled DISMUNOIRE
Found a ring mail.
Found 14 gold pieces.
You see here a ring mail.
e - a ring mail You see here 14 gold pieces.
You now have 14 gold pieces.
Found a ring mail.
You see here a ring mail.
Unknown command.
Unknown command.
A kobold comes into view. It is wielding a dagger.
Found a scroll labeled DISMUNOIRE.
The kobold shouts!
The kobold throws a stone.
The stone misses you.
You see here a stone.
The kobold throws a stone.
The stone misses you. The kobold hits you but does no damage.
Casting: Freeze
Confirm with . or Enter, or press ? or * to list all spells.
Aiming: Freeze
Press: ? - help, Shift-Dir - straight line, f - kobold
Aim: a kobold, wielding a dagger You freeze the kobold.
You kill the kobold!
Things that are here:
a dagger; 3 stones; a kobold corpse
f - a dagger;
g - 3 stones Wield which item (- for none, * to show all)? (? for menu, Esc to quit)
f - a +0 dagger (weapon)
Adjust (i)tems, (s)pells, or (a)bilities?
Adjust which item? (? for menu, Esc to quit)
f - a +0 dagger (weapon)
Adjust to which letter? (? for menu, Esc to quit)
a - a +0 dagger (weapon);
f - a +0 robe (worn)
You see here a scroll labeled DISMUNOIRE.
d - 2 scrolls labeled DISMUNOIRE (gained 1)
You see here 7 gold pieces.
You now have 21 gold pieces (gained 7).
Found a scroll labeled EPEIFUALIO.
You see here a scroll labeled EPEIFUALIO.
h - a scroll labeled EPEIFUALIO You open the door.
There is an open door here.
Are you sure you want to abandon this character and quit the game? (Confirm with "yes".)

#...............#....
#########.#######..####.#.###
#......##.#.#####..# #.#...[
#.........#........# #.#####
#......####.######.# #.#####
#......#....... #.# #......
#......'.# #.# #..###.
#......#.#########.# #....#.
#......#....@......# ##.#.##
#......############# #.#...
######## #.#### ##.####
#..(... #...... #......
#.†.... #......


There were no monsters in sight!

Vanquished Creatures
  A kobold (D:1)
1 creature vanquished.

Notes
Turn   | Place    | Note
-------+----------+-------------------------------------------
     0 | D:1      | tidbits the Gnoll Ice Elementalist began the quest for the Orb.
     0 | D:1      | Reached XP level 1. HP: 13/13 MP: 6/6
   168 | D:1      | Quit the game

Action                   || total
-------------------------++-------
 Cast: Freeze            ||     1
Armor: Robe              ||     1
Dodge: Dodged            ||     2

Table legend:
 A = Turns spent in this place as a percentage of turns spent in the entire game.
 B = Non-inter-level travel turns spent in this place as a percentage of non-inter-level travel turns spent in the entire game.
 C = Inter-level travel turns spent in this place as a percentage of turns spent in this place.
 D = Turns resting spent in this place as a percentage of non-inter-level travel turns spent in this place.
 E = Turns spent auto-exploring this place as a percentage of non-inter-level travel turns spent in this place.
 F = Non-inter-level travel turns spent in this place divided by the number of levels of this place that you've seen.
                   A       B       C       D       E      F
               +-------+-------+-------+-------+-------+----------------------
         Total | 100.0 | 100.0 |   6.0 |   0.0 |   0.0 | 158.0
       Dungeon | 100.0 | 100.0 |   6.0 |   0.0 |   0.0 | 158.0
               +-------+-------+-------+-------+-------+----------------------

Table legend:
 A = Kills in this place as a percentage of kills in entire the game.
 B = Kills by you in this place as a percentage of kills by you in the entire game.
 C = Kills by friends in this place as a percentage of kills by friends in the entire game.
 D = Other kills in this place as a percentage of other kills in the entire game.
 E = Experience gained in this place as a percentage of experience gained in the entire game.
 F = Experience gained in this place divided by the number of levels of this place that you have seen.
                   A       B       C       D       E      F
               +-------+-------+-------+-------+-------+----------------------
         Total | 100.0 | 100.0 |   N/A |   N/A | 100.0 |   2.0
       Dungeon | 100.0 | 100.0 |   N/A |   N/A | 100.0 |   2.0
               +-------+-------+-------+-------+-------+----------------------

Vault maps used:
D:1:      lightli_arrival_farm, minmay_hexomino_p4
